 Dungeon Crawl Stone Soup version 0.31.0-4-g52a2dc7128 (webtiles) character file.

Game seed: 16656683022774694084

6949 shadowrider38 the Cleaver (level 10, 0/92 HPs)
             Began as a Minotaur Fighter on Jan 22, 2024.
             Slain by an 11-headed hydra (6 damage)
             ... on level 2 of the Lair of Beasts.
             The game lasted 00:04:20 (6437 turns).

shadowrider38 the Cleaver (Minotaur Fighter)        Turns: 6437, Time: 00:04:21

Health: 0/92       AC: 20    Str: 32    XL:     10   Next: 80%
Magic:  9/9        EV:  8    Int:  5    God:
Gold:   605        SH:  6    Dex:  9    Spells: 9/9 levels left

rFire   . . .        a - +2 broad axe (elec)
rCold   . . .        c - +0 buckler
rNeg    . . .        E - +1 plate armour
rPois   +            (helmet restricted)
rElec   .            z - +2 cloak {rCorr}
rCorr   +            (no gloves)
SInv    .            e - +0 pair of boots
Will    .....        r - amulet of regeneration Stlth
                     o - ring of poison resistance
HPRegen 1.15/turn    H - +6 ring of strength
MPRegen 0.11/turn

%: no passive effects
@: no status effects
A: horns 2, retaliatory headbutt
a: no special abilities


You were on level 2 of the Lair of Beasts.
You visited 3 branches of the dungeon, and saw 12 of its levels.

You collected 605 gold pieces.

Inventory:

Hand Weapons
 a - a +2 broad axe of electrocution (weapon)
Missiles
 t - 6 boomerangs (quivered)
 v - 5 javelins
 F - 3 curare-tipped darts
 Z - a throwing net
Armour
 c - a +0 buckler (worn)
 e - a +0 pair of boots (worn)
 z - a +2 cloak of preservation (worn)
 E - a +1 plate armour (worn)
Jewellery
 m - a ring of willpower
 o - a ring of poison resistance (left hand)
 r - an amulet of regeneration (around neck)
 H - a +6 ring of strength (right hand)
 K - a +4 ring of protection
Wands
 q - a wand of polymorph (15)
 V - a wand of flame (15)
Scrolls
 g - a scroll of silence {unknown}
 h - 4 scrolls of amnesia
 i - a scroll of poison
 j - a scroll of vulnerability
 l - a scroll of enchant weapon
 n - 3 scrolls of fear
 u - 5 scrolls of fog
 w - a scroll of blinking {unknown}
 x - a scroll of enchant armour
 y - a scroll of immolation {unknown}
 L - a scroll of butterflies {unknown}
 T - 5 scrolls of teleportation
Potions
 b - a potion of berserk rage
 d - 2 potions of might
 f - 2 potions of enlightenment
 k - 3 potions of heal wounds
 s - 2 potions of attraction
 B - a potion of magic
 C - 2 potions of lignification {unknown}
 D - 2 potions of haste {unknown}
 G - 3 potions of degeneration {unknown}
 J - a potion of cancellation
 Q - 6 potions of curing


   Skills:
 + Level 9.7 Fighting
 * Level 12.7 Axes
 + Level 9.6 Armour
 + Level 9.7 Shields


You had 9 spell levels left.
You didn't know any spells.
Your spell library contained the following spells:

 Spells                   Type           Power      Damage    Failure   Level
 Blink                    Tloc           0%         N/A       99%         2
 Ensorcelled Hibernation  Hex/Ice        0%         N/A       99%         2
 Jinxbite                 Hex            0%         N/A       99%         2
 Lesser Beckoning         Tloc           0%         N/A       99%         2
 Momentum Strike          Conj/Tloc      0%         3d8       99%         2
 Call Canine Familiar     Summ           0%         N/A       100%        3
 Fugue of the Fallen      Necr           0%         N/A       100%        3
 Inner Flame              Hex/Fire       0%         N/A       100%        3
 Sigil of Binding         Hex            0%         N/A       100%        3
 Tukima's Dance           Hex            0%         N/A       100%        3
 Anguish                  Hex/Necr       0%         N/A       100%        4
 Dimensional Bullseye     Hex/Tloc       0%         N/A       100%        4
 Passage of Golubria      Tloc           0%         N/A       100%        4
 Yara's Violent Unravell  Hex/Alch       0%         3d3       100%        5


Dungeon Overview and Level Annotations

Branches:
Dungeon (9/15) Zot: 26131  Temple (1/1) D:4 Zot: 5998    Lair (2/5) D:9 Zot: 11454
    Orc (0/2) D:9
  Swamp: Lair:2-3    Shoals: Lair:2-3     Snake: Lair:2-3    Spider: Lair:2-3

Altars:
Ashenzari
Cheibriados
Dithmenos
Elyvilon
Fedhas
Gozag
Hepliaklqana
Kikubaaqudgha
Makhleb
Nemelex Xobeh
Okawaru
Qazlal
Ru
Sif Muna
Trog
Uskayaw
Vehumet
Wu Jian
Xom
Yredelemnul
Zin
The Shining One

Shops:
D:5 (   D:9 :


Innate Abilities, Weirdness & Mutations

You have a pair of horns on your head.
You reflexively headbutt those who attack you in melee.


Message History

You block the nine-headed hydra's attack.
The nine-headed hydra barely misses you.
The nine-headed hydra bites you.
You hit the nine-headed hydra.
The nine-headed hydra is almost dead.
The nine-headed hydra bites you!
The nine-headed hydra barely misses you.
The nine-headed hydra completely misses you.
The nine-headed hydra bites you! The nine-headed hydra bites you.
You block the nine-headed hydra's attack.
The nine-headed hydra bites you but does no damage.
The nine-headed hydra bites you!
The nine-headed hydra barely misses you.
There are monsters nearby!
You barely miss the nine-headed hydra.
The nine-headed hydra is almost dead.
You closely miss the water moccasin.
The water moccasin bites you but does no damage.
The nine-headed hydra bites you but does no damage. x4
The nine-headed hydra closely misses you.
The nine-headed hydra bites you but does no damage.
The nine-headed hydra bites you.
The nine-headed hydra bites you but does no damage. x2
The water moccasin barely misses you.
You lop one of the nine-headed hydra's heads off!
The eight-headed hydra grows two more!
You slash the ten-headed hydra!
The ten-headed hydra is almost dead.
You barely miss the water moccasin.
The ten-headed hydra bites you but does no damage. x4
You block the ten-headed hydra's attack.
The ten-headed hydra closely misses you.
The ten-headed hydra bites you. x2
The ten-headed hydra bites you but does no damage.
The ten-headed hydra bites you!
* * * LOW HITPOINT WARNING * * *
The water moccasin bites you but does no damage.
You are too injured to fight recklessly!
You are too injured to fight recklessly!
You chop one of the ten-headed hydra's heads off!
The nine-headed hydra grows two more!
You slash the 11-headed hydra!
The 11-headed hydra is almost dead.
You miss the water moccasin. The water moccasin barely misses you.
You furiously retaliate!
You headbutt the water moccasin! The 11-headed hydra bites you!
* * * LOW HITPOINT WARNING * * *
The 11-headed hydra barely misses you. The 11-headed hydra bites you!
* * * LOW HITPOINT WARNING * * *
The 11-headed hydra bites you but does no damage.
The 11-headed hydra bites you.
You die...

.....###....##.##
........P ##.......#
?......... #..###.#.
#P...# ..####.# #..# .
... #.#.##.# #.## #.#
.. #......# #..#
....##. ###.....# #.#.
##....D###P#...P# #...
#...#.S@.....#.P#
###.##
#..............###P#.#.
#..##:...............#.
#.. #.#....#...P†......
# ##.................
#####.##..#.##P.##
####....##..##
#..#.###..# #..#.P#..##


You could see a 11-headed hydra and a water moccasin.

Vanquished Creatures
  A two-headed ogre (D:9)
  2 black mambas
  2 cane toads (Lair:1)
  A komodo dragon (Lair:2)
  A hornet (D:9)
  Grinder (D:4)
  Prince Ribbit (D:5)
  5 yaks
  2 wyverns
  A steam dragon (D:9)
  A water moccasin (D:6)
  2 orc warriors
  A sky beast (D:6)
  3 black bears
  An ice beast (D:7)
  4 centaurs
  2 phantoms
  A gnoll sergeant (D:9)
  5 bullfrogs
  A scorpion (D:6)
  4 killer bees (D:9)
  An electric eel (Lair:1)
  3 howler monkeys
  A bombardier beetle (D:7)
  2 jellies
  An orc priest (D:8)
  Crazy Yiuf (D:3)
  4 hounds
  3 sleepcaps
  4 gnoll boudas
  2 iguanas
  11 orc wizards
  Ijyb (D:3)
  Terence (D:3)
  5 adders
  16 gnolls
  A shadow imp (D:5)
  A white imp (D:6)
  3 dart slugs
  30 orcs
  5 ball pythons
  3 bats
  4 endoplasms
  2 giant cockroaches
  7 goblins
  6 hobgoblins
  2 kobolds
  3 quokkas
  6 frilled lizards
  3 rats
174 creatures vanquished.

Vanquished Creatures (others)
  A gnoll (D:9)
1 creature vanquished.

Grand Total: 175 creatures vanquished

Notes
Turn   | Place    | Note
-------+----------+-------------------------------------------
     0 | D:1      | shadowrider38 the Minotaur Fighter began the quest for the
                  | Orb.
     0 | D:1      | Reached XP level 1. HP: 19/19 MP: 0/0
   132 | D:1      | Reached XP level 2. HP: 27/27 MP: 1/1
   135 | D:1      | Reached skill level 3 in Axes
   430 | D:2      | Reached XP level 3. HP: 33/33 MP: 2/2
   701 | D:2      | Identified the +2 leather armour "Umivurum" {Regen+ rCorr
                  | Int+3 Dex-2}
   771 | D:3      | Noticed Ijyb
   781 | D:3      | Killed Ijyb
   782 | D:3      | Reached XP level 4. HP: 38/40 MP: 3/3
   920 | D:3      | Reached skill level 4 in Axes
   966 | D:3      | Noticed Terence
   975 | D:3      | Killed Terence
  1391 | D:3      | Found a runed translucent door.
  1392 | D:3      | Noticed Crazy Yiuf
  1398 | D:3      | Killed Crazy Yiuf
  1399 | D:3      | Reached XP level 5. HP: 28/47 MP: 4/4
  1728 | D:4      | Noticed Grinder
  1730 | D:4      | Paralysed by Grinder for 5 turns
  1763 | D:4      | Paralysed by Grinder for 4 turns
  1768 | D:4      | Killed Grinder
  1769 | D:4      | Reached skill level 5 in Axes
  1769 | D:4      | Reached XP level 6. HP: 39/56 MP: 5/5
  1840 | D:4      | Found a staircase to the Ecumenical Temple.
  1873 | D:5      | Entered Level 5 of the Dungeon
  1891 | Temple   | Entered the Ecumenical Temple
  1907 | D:4      | Found a blossoming altar of Fedhas.
  2219 | D:4      | Reached skill level 6 in Axes
  2219 | D:4      | Reached XP level 7. HP: 43/61 MP: 6/6
  2270 | D:4      | Found an iron altar of Okawaru.
  2271 | D:4      | Found a stormy altar of Qazlal.
  2847 | D:5      | Noticed Prince Ribbit
  2859 | D:5      | Killed Prince Ribbit
  2860 | D:5      | Reached skill level 7 in Axes
  2952 | D:5      | Noticed a yak
  2960 | D:5      | Killed a yak
  2961 | D:5      | Reached XP level 8. HP: 64/70 MP: 7/7
  3359 | D:5      | Reached skill level 8 in Axes
  3596 | D:5      | Found Rest's Antique Weapon Boutique.
  3939 | D:6      | Reached skill level 9 in Axes
  4195 | D:7      | Reached XP level 9. HP: 75/79 MP: 8/8
  4684 | D:8      | Reached skill level 10 in Axes
  4727 | D:8      | Got the Folio of Doom
  5110 | D:9      | Identified 2 scrolls of acquirement
  5110 | D:9      | Acquired a scarf of repulsion
  5133 | D:9      | Acquired a +1 broad axe of electrocution
  5149 | D:9      | Noticed a two-headed ogre
  5158 | D:9      | Killed a two-headed ogre
  5159 | D:9      | Reached skill level 11 in Axes
  5215 | D:9      | Reached XP level 10. HP: 78/90 MP: 9/9
  5394 | D:9      | Found a staircase to the Lair.
  5529 | D:9      | Found a staircase to the Orcish Mines.
  5572 | D:9      | Found Sioru's Book Shoppe.
  5582 | D:9      | Reached skill level 9 in Fighting
  5582 | D:9      | Reached skill level 9 in Shields
  5583 | D:9      | Reached skill level 9 in Armour
  5893 | Lair:1   | Entered Level 1 of the Lair of Beasts
  5896 | Lair:1   | Noticed a cane toad
  5896 | Lair:1   | Noticed a cane toad
  5901 | Lair:1   | Killed a cane toad
  5902 | Lair:1   | Reached skill level 12 in Axes
  5904 | Lair:1   | Killed a cane toad
  6002 | Lair:1   | Noticed a black mamba
  6018 | Lair:1   | Killed a black mamba
  6222 | Lair:2   | Noticed a black mamba
  6234 | Lair:2   | Killed a black mamba
  6426 | Lair:2   | Noticed a five-headed hydra
  6437 | Lair:2   | Slain by an 11-headed hydra

Illustrated notes

Levels and vault maps discovered:
D:1:      minmay_arrival_checkered_box, layout_rooms
D:2:      layout_basic, serial_bayou_lake_a
D:3:      layout_basic, uniq_ijyb, uniq_crazy_yiuf_cottage, uniq_terence
D:4:      layout_basic, minitemple, lemuel_tele_altar, minmay_temple_entry_grid,
          nicolae_elevator_lobby_asterisk, uniq_grinder
D:5:      minmay_thick_lines, layout_basic, chequers_ossuary_entry_cave,
          serial_shops, nicolae_shop_back_alley_shop,
          corexii_item_surrounded_by_moat, minmay_misc_feat_diagonals,
          grunt_decor_one_mirror, uniq_prince_ribbit1
D:6:      layout_cave_pools
D:7:      layout_rooms
D:8:      layout_rooms
D:9:      layout_roguey, david_lair_generic, hiddenorc1_lemuel, serial_shops,
          shop, minmay_misc_feat_four_crosses
Temple:   nicolae_temple_bog_church
Lair:1:   layout_small_grid, st_stairs_7, beast_lair_carwin_3,
          infiniplex_staircase_pool, grunt_megastairs_4, serial_bayou_shore_b,
          uniq_harold
Lair:2:   layout_loops_ring, uniq_sonja

Skill      XL: |  1  2  3  4  5  6  7  8  9 10 |
---------------+-------------------------------+-----
Axes           | 3 4 5 6 7 9 11 12 | 12.7
Armour         | 4 5 6 7 8 9 |  9.6
Fighting       | 4 5 6 7 8 9 |  9.7
Shields        | 4 5 6 7 8 9 |  9.7

Action                     |  1- 3 |  4- 6 |  7- 9 | 10-12 || total
---------------------------+-------+-------+-------+-------++-------
  Melee: War axe           |    53 |    75 |   222 |       ||   350
         Headbutt          |     3 |    19 |    34 |    17 ||    73
         Unarmed           |     5 |       |       |       ||     5
         Broad axe         |       |       |    14 |   107 ||   121
    Use: Scroll            |       |       |    16 |     2 ||    18
 Armour: Scale mail        |    34 |    59 |    55 |       ||   148
         Skin              |     1 |       |       |       ||     1
         Plate armour      |       |       |   191 |   183 ||   374
  Dodge: Dodged            |    49 |    23 |   109 |    64 ||   245
  Block: Buckler           |    19 |    16 |    73 |    47 ||   155
